 Dungeon Crawl Stone Soup version 0.27-a0-1242-ge70438ac7b (webtiles) character file.

Game seed: 9827458246764791627

361 Glokmah the Sneak (level 6, 0/35 HPs)
             Began as a Vampire Enchanter on June 9, 2021.
             Slain by a phantom (5 damage)
             ... on level 4 of the Dungeon.
             The game lasted 00:10:45 (4018 turns).

Glokmah the Sneak (Vampire Enchanter)               Turns: 4018, Time: 00:10:45

Health: 0/35       AC:  4    Str:  7    XL:     6   Next: 38%
Magic:  5/10       EV: 13    Int: 18    God:
Gold:   124        SH:  0    Dex: 16    Spells: 2/10 levels left

rFire    . . .     SeeInvis +   j - +4 short sword (vorpal)
rCold    + + +     Faith    .   (no shield)
rNeg     + + +     Spirit   .   f - +0 robe
rPois    ∞         Reflect  .   o - +1 helmet
rElec    .         Harm     .   (no cloak)
rCorr    .         Rampage  .   (no gloves)
Will     .....                  (no boots)
Stlth    +++++.....             (no amulet)
HPRegen  0.00/turn              u - ring of protection from cold
MPRegen  0.12/turn              (no ring)

@: confusing by touch, bloodless
A: bloodless, fangs 3, see invisible, vampiric 2
a: Bat Form, Revivify


You were on level 4 of the Dungeon.
You visited 1 branch of the dungeon, and saw 4 of its levels.

You collected 124 gold pieces.

Inventory:

Hand Weapons
 a - a +1 dagger
 b - a +2 short sword of venom
 j - a +4 vorpal short sword (weapon)
Missiles
 c - 17 poisoned darts (quivered)
 i - 8 javelins
 l - 2 curare-tipped darts
 n - 2 throwing nets
Armour
 f - a +0 robe (worn)
 o - a +1 helmet (worn)
Jewellery
 u - a ring of protection from cold (left hand)
Wands
 q - a wand of iceblast (3)
Scrolls
 e - 3 scrolls of amnesia {unknown}
 h - a scroll of teleportation {unknown}
Potions
 d - 2 potions of lignification
 g - a potion of flight {unknown}
 k - a potion of berserk rage {unknown}
 p - 2 potions of curing {unknown}
 r - a potion of magic {unknown}
 s - 4 potions of might {unknown}
 v - a potion of invisibility {unknown}
 w - a potion of brilliance {unknown}


   Skills:
 + Level 1.8 Fighting
 * Level 3.9 Short Blades
 + Level 3.4 Dodging
 + Level 5.7 Stealth
 + Level 2.9 Spellcasting
 + Level 5.5 Hexes
 + Level 0.4 Translocations


You had 2 spell levels left.
You knew the following spells:

 Your Spells              Type           Power      Damage    Failure   Level
a - Corona                Hex            24%        N/A       1%          1
b - Ensorcelled Hibernat  Hex/Ice        24%        N/A       8%          2
c - Blink                 Tloc           N/A        N/A       21%         2
d - Confusing Touch       Hex            22%        N/A       4%          3

Your spell library contained the following spells:

 Spells                   Type           Power      Damage    Failure   Level
 Slow                     Hex            22%        N/A       2%          2
 Magic Dart               Conj           8%         1d3       17%         1
 Call Imp                 Summ           2%         N/A       26%         2
 Tukima's Dance           Hex            22%        N/A       4%          3
 Dazzling Flash           Conj/Hex       24%        N/A       16%         3
 Conjure Flame            Conj/Fire      2%         6-21      45%         3
 Mephitic Cloud           Conj/Pois/Air  2%         N/A       45%         3


Dungeon Overview and Level Annotations

Branches:
Dungeon (4/15)
 Temple: D:4-7

Altars:


Innate Abilities, Weirdness & Mutations

You do not regenerate when monsters are visible.
You are frail without blood (-20% HP).
You can heal yourself when you bite living creatures.
You are immune to poison.
You have razor-sharp teeth.
You have supernaturally acute eyesight. (SInv)
You are afflicted with vampirism and can become a bat while bloodless.


Message History

The phantom hits you.
The phantom blinks!
You blink.
Your +2 short sword of venom stops dripping with poison.
j - a +4 vorpal short sword (weapon)
The phantom barely misses you.
You closely miss the phantom.
The phantom is heavily damaged.
The phantom hits you.
The phantom blinks!
You blink.
You closely miss the phantom.
The phantom is heavily damaged.
The phantom hits you!
You are too injured to fight recklessly!
You hit the phantom.
The phantom is severely damaged.
You hit the phantom.
The phantom is almost destroyed.
The phantom hits you!
* * * LOW HITPOINT WARNING * * *
The phantom blinks!
You blink.
The phantom hits you.
* * * LOW HITPOINT WARNING * * *
You closely miss the phantom.
The phantom is almost destroyed.
The phantom barely misses you.
Okay, then.
You closely miss the phantom.
The phantom is almost destroyed.
The phantom closely misses you.
Casting: Ensorcelled Hibernation (safe; 8% risk of failure)
Confirm with . or Enter, or press ? or * to list all spells.
You blink.
Casting: Blink (safe; 21% risk of failure)
Confirm with . or Enter, or press ? or * to list all spells.
Your hands begin to glow red.
You hit the phantom but do no damage.
The phantom is almost destroyed.
The phantom barely misses you.
You closely miss the phantom.
The phantom is almost destroyed.
The phantom hits you.
You die...

.......# ##.##
.......# #..#
.......#########.#
..##†..##.....##.#
..######.#####...#
........##,,,##..#
...####.#,,,,,#..#
..##..###,,,,,#..#
..#...)##,,,,,#.@#
#.#....'#+,,,*#W.#
#.##.†##.#####...#
#..#'###'#......##
##....##.##.§#.##
####.#.†.'..#.#
#.##.##..#.*
#..###...#.*
##.....#.#,*


You could see a phantom.

Vanquished Creatures
  An ogre (D:3)
  A killer bee (D:4)
  A gnoll shaman (D:3)
  Robin (D:4)
  An adder (D:2)
  6 gnolls
  An ufetubus (D:4)
  A worm (D:2)
  5 dart slugs
  3 orcs
  5 ball pythons
  5 endoplasms
  4 giant cockroaches
  20 goblins
  14 hobgoblins
  3 jackals (D:2)
  3 quokkas (D:1)
  6 bats
  2 frilled lizards
  8 kobolds
  8 rats
99 creatures vanquished.

Notes
Turn   | Place    | Note
-------+----------+-------------------------------------------
     0 | D:1      | Glokmah the Vampire Enchanter began the quest for the Orb.
     0 | D:1      | Reached XP level 1. HP: 13/13 MP: 3/3
   329 | D:1      | Reached XP level 2. HP: 20/20 MP: 5/5
   341 | D:1      | Learned a level 2 spell: Ensorcelled Hibernation
   433 | D:1      | Found a faded altar of an unknown god.
   764 | D:1      | Gained mutation: You are afflicted with vampirism and can
                  | become a bat while bloodless. [Vampire growth]
   764 | D:1      | Reached XP level 3. HP: 25/25 MP: 1/6
   998 | D:2      | Learned a level 2 spell: Blink
  1298 | D:2      | Reached skill level 1 in Fighting
  1407 | D:2      | Reached XP level 4. HP: 25/25 MP: 4/7
  1414 | D:1      | Reached skill level 5 in Hexes
  1475 | D:1      | Reached skill level 5 in Stealth
  2463 | D:3      | Noticed an ogre
  2507 | D:3      | Killed an ogre
  2508 | D:3      | Reached XP level 5. HP: 29/29 MP: 5/9
  2906 | D:4      | Learned a level 3 spell: Confusing Touch
  3373 | D:4      | Noticed Robin
  3381 | D:4      | Killed Robin
  3553 | D:4      | Reached XP level 6. HP: 35/35 MP: 7/10
  4018 | D:4      | Slain by a phantom

Illustrated notes

Levels and vault maps discovered:
D:1:      dpeg_arrival_ratfight, layout_loops_ring, basic_ecumenical_altar
D:2:      layout_basic
D:3:      layout_basic, minmay_ogre_servants
D:4:      layout_gridville, minmay_joined_circles, uniq_robin

Skill      XL: |  1  2  3  4 |
---------------+-------------+-----
Short Blades   | 2 3 |  3.9
Fighting       | 1 |  1.8
Hexes          | 5 |  5.5
Stealth        | 5 |  5.7
Dodging        | 3 |  3.4
Spellcasting   | |  2.9
Translocations | |  0.4

Action                   |  1- 3 |  4- 6 || total
-------------------------+-------+-------++-------
Melee: Dagger            |    11 |    15 ||    26
       Short sword       |    70 |   110 ||   180
       Bite              |     6 |     7 ||    13
Throw: Dart              |       |     3 ||     3
 Cast: Ensorcelled Hiber |     9 |    27 ||    36
       Blink             |       |     1 ||     1
       Confusing Touch   |       |     1 ||     1
 Abil: Exsanguinate      |     1 |       ||     1
  Use: Scroll            |       |     4 ||     4
 Stab: Sleeping          |    21 |    28 ||    49
Armor: Robe              |     7 |    20 ||    27
Dodge: Dodged            |    37 |    74 ||   111

Table legend: (Time is in decaauts)
 A = Elapsed time spent in this place.
 B = Non-inter-level travel time spent in this place.
 C = Inter-level travel time spent in this place.
 D = Time resting spent in this place.
 E = Time spent auto-exploring this place.
 F = Levels seen in this place.
 G = Mean time per level.
                   A        B        C        D        E       F      G
               +--------+--------+--------+--------+--------+-----+--------+
         Total |   4009 |   3734 |    275 |    732 |   1919 |   4 | 1002.2 |
       Dungeon |   4009 |   3734 |    275 |    732 |   1919 |   4 | 1002.2 |
               +--------+--------+--------+--------+--------+-----+--------+

Top non-repeatable levels by time:
     D:1: 1334 daAuts
     D:3: 1180 daAuts
     D:2: 783 daAuts
     D:4: 711 daAuts
